 Dungeon Crawl Stone Soup version 0.31-a0-321-g19405a7a6a (webtiles) character file.

Game seed: 7793365633679137557

253 bmack86 the Trooper (level 6, -1/70 HPs)
             Began as a Djinni Shapeshifter on July 18, 2023.
             Slain by Edmund
             ... wielding a +2 dire flail of venom
              (3 damage)
             ... on level 4 of the Dungeon.
             The game lasted 00:13:14 (2800 turns).

bmack86 the Trooper (Djinni Shapeshifter)           Turns: 2800, Time: 00:13:15

Health: -1/70      AC: 23    Str: 16    XL:     6   Next: 37%
Gold:   303        EV:  2    Int: 10    God:
                   SH:  0    Dex: 12

rFire   . . .        m - +5 quarterstaff "Tufasmir" {freeze, Fly Str+2 Dex-3 Stlth+}
rCold   . . .        (shield currently unavailable)
rNeg    . . .        a - melded +0 animal skin
rPois   ∞            v - melded +0 helmet
rElec   .            q - melded +0 cloak
rCorr   .            (gloves currently unavailable)
SInv    .            (boots unavailable)
Will    .....        (no amulet)
Stlth   ++           x - +5 ring of evasion
HPRegen 0.31/turn    (no ring)
MPRegen 0.00/turn

%: infuse magic (-2 HP)
@: tree-form
A: stationary, stasis, torment immunity, boosted hp, sickness immunity, (fire
resistance 2), (cold vulnerability 1), float, innate caster, HP casting, extra
vitality 1
a: no special abilities


You were on level 4 of the Dungeon.
You were a tree.
You visited 1 branch of the dungeon, and saw 4 of its levels.

You collected 303 gold pieces.

Inventory:

Hand Weapons
 m - the +5 quarterstaff "Tufasmir" (weapon) {freeze, Fly Str+2 Dex-3 Stlth+}
   (You found it on level 2 of the Dungeon)

   Str:       It affects your strength (+2).
   Dex:       It affects your dexterity (-3).
   Fly:       It grants you flight.
   Stlth:     It makes you more stealthy.
Armour
 a - a +0 animal skin (melded)
 q - a +0 cloak (melded)
 v - a +0 helmet (melded)
Jewellery
 x - a +5 ring of evasion (left branch)
Talismans
 c - a beast talisman
Wands
 o - a wand of iceblast (11) (quivered)
 w - a wand of charming (3)
Scrolls
 h - a scroll of poison
 p - a scroll of revelation {unknown}
 r - a scroll of noise {unknown}
 t - a scroll of blinking {unknown}
Potions
 f - a potion of resistance {unknown}
 i - a potion of degeneration {unknown}
 j - a potion of heal wounds {unknown}
 k - 3 potions of haste
 l - a potion of ambrosia {unknown}
 n - 2 potions of mutation {unknown}
 s - 2 potions of might {unknown}
 u - a potion of attraction {unknown}


   Skills:
 + Level 3.7 Fighting
 - Level 1.8 Staves
 - Level 3.5 Dodging
 - Level 2.2 Unarmed Combat
 + Level 1.0 Spellcasting
 + Level 1.0 Conjurations
 + Level 1.0 Hexes
   Level 0.0 Charms
 + Level 1.0 Summonings
 + Level 1.0 Necromancy
 + Level 1.0 Translocations
 + Level 1.0 Transmutations
 + Level 1.0 Fire Magic
 + Level 1.0 Ice Magic
 + Level 1.0 Air Magic
 + Level 1.0 Earth Magic
 + Level 1.0 Poison Magic
 - Level 3.3 Shapeshifting


You knew the following spells:

 Your Spells              Type           Power      Damage    Failure   Level
a - Summon Small Mammal   Summ           8%         N/A       22%         1
b - Momentum Strike       Conj/Tloc      4%         3d8       34%         2
Your spell library was empty.

Dungeon Overview and Level Annotations

Branches:
Dungeon (4/15)
 Temple: D:4-7

Altars:

Annotations:
D:4 Edmund


Innate Abilities, Weirdness & Mutations

You are a tree.
Your roots penetrate the ground, keeping you stationary.
You cannot be teleported.
You are immune to unholy pain and torment.
Your maximum health is greatly increased.
Your equipment is partially melded.
You are immune to sickness and miasma.
You are immune to poison.
((Your flesh is very heat resistant. (rF++)))
((You are vulnerable to cold. (rC-)))
You float through the air rather than walking.
You learn spells naturally, not from books.
Your magical power is your life essence.
You have superior vitality. (+4 MHP)


Message History

You barely miss Edmund.
Edmund is moderately wounded.
Edmund hits you with a +2 dire flail of venom!
You closely miss Edmund.
Edmund is moderately wounded.
Edmund clears his throat.
Edmund barely misses you.
You barely miss Edmund.
Edmund is moderately wounded.
Edmund completely misses you.
You hit Edmund. You freeze Edmund.
Edmund is heavily wounded.
Edmund hits you with a +2 dire flail of venom!
Edmund closely misses you.
You sock Edmund! You freeze Edmund.
Edmund is severely wounded.
Edmund hits you with a +2 dire flail of venom!
You hit Edmund. You freeze Edmund.
Edmund is severely wounded.
Edmund hits you with a +2 dire flail of venom!
* * * LOW HITPOINT WARNING * * *
You barely miss Edmund.
Edmund is severely wounded.
Edmund barely misses you.
You are too injured to fight recklessly!
You are too injured to fight recklessly!
Unknown command.
Really quaff the potion of lignification?
You turn into a tree.
Your +0 cloak melds into your body.
Your +0 helmet melds into your body.
Your +0 animal skin melds into your body.
Your roots penetrate the ground.
Edmund hits you but does no damage.
You hit Edmund. You freeze Edmund.
Edmund is almost dead.
Edmund hits you with a +2 dire flail of venom!
* * * LOW HITPOINT WARNING * * *
You hit Edmund. You freeze Edmund.
Edmund is almost dead.
Edmund hits you with a +2 dire flail of venom.
You die...

#.#+#.#.....##.#
#..#......#.#. #.
#.#.....##.#
#########.#.#. #
#.#........#
......^..†..#.
#.#.....##
########†##.#.
.............
#######.#####
#.##### #########
#...... ......@♣#
.....## #######.#
.... #.# #####..
#######.# #...#...
........#######.#.#
..######...........#
.........#######.###
#.....#### ##'##
##### #...#


You could see Edmund.

Vanquished Creatures
  A hound (D:4)
  A jelly (D:4)
  An orc wizard (D:3)
  6 adders
  A dart slug (D:2)
  18 orcs
  3 bats
  12 endoplasms
  3 giant cockroaches
  10 goblins
  4 hobgoblins
  6 jackals (D:4)
  2 quokkas (D:2)
  6 ball pythons
  4 frilled lizards (D:3)
  4 kobolds
  6 rats
88 creatures vanquished.

Notes
Turn   | Place    | Note
-------+----------+-------------------------------------------
     0 | D:1      | bmack86 the Djinni Shapeshifter began the quest for the
                  | Orb.
     0 | D:1      | Reached XP level 1. HP: 18/18 MP: 0/0
   182 | D:1      | Found a faded altar of an unknown god.
   256 | D:1      | Reached XP level 2. HP: 22/23 MP: 0/0
   606 | D:1      | You are sucked into a shaft and drop 1 floor!
   673 | D:2      | Identified the +5 quarterstaff "Tufasmir" {freeze, Fly
                  | Str+2 Dex-3 Stlth+}
   888 | D:2      | Reached XP level 3. HP: 29/29 MP: 0/0
   888 | D:2      | Learned a level 1 spell: Summon Small Mammal
  1324 | D:2      | Reached XP level 4. HP: 34/34 MP: 0/0
  1727 | D:3      | Reached skill level 1 in Staves
  2243 | D:3      | Reached XP level 5. HP: 15/40 MP: 0/0
  2243 | D:3      | Learned a level 2 spell: Momentum Strike
  2626 | D:4      | Reached XP level 6. HP: 34/46 MP: 0/0
  2723 | D:4      | Reached skill level 1 in Spellcasting
  2723 | D:4      | Reached skill level 1 in Conjurations
  2723 | D:4      | Reached skill level 1 in Hexes
  2723 | D:4      | Reached skill level 1 in Summonings
  2723 | D:4      | Reached skill level 1 in Necromancy
  2723 | D:4      | Reached skill level 1 in Translocations
  2723 | D:4      | Reached skill level 1 in Transmutations
  2723 | D:4      | Reached skill level 1 in Fire Magic
  2723 | D:4      | Reached skill level 1 in Ice Magic
  2723 | D:4      | Reached skill level 1 in Air Magic
  2723 | D:4      | Reached skill level 1 in Earth Magic
  2723 | D:4      | Reached skill level 1 in Poison Magic
  2770 | D:4      | Noticed Edmund
  2799 | D:4      | HP: 2/70 [Edmund/+2 dire flail of venom (7)]
  2800 | D:4      | Slain by Edmund

Illustrated notes

Levels and vault maps discovered:
D:1:      dpeg_arrival_simpleton_a, layout_loops_ring,
          shapermc_ecumenical_altar_mp_ritualfount
D:2:      layout_basic, minmay_gold_behind_fungi
D:3:      layout_rooms, corexii_corridor_pit
D:4:      layout_basic, ebering_ghost_gozag, uniq_ijyb, uniq_duvessa,
          uniq_edmund

Skill      XL: |  1  2  3  4  5  6 |
---------------+-------------------+-----
Shapeshifting  | 3 |  3.3
Staves         | 1 |  1.8
Dodging        | 3 |  3.5
Fighting       | 3 |  3.7
Spellcasting   | 1 |  1.0
Conjurations   | 1 |  1.0
Hexes          | 1 |  1.0
Summonings     | 1 |  1.0
Necromancy     | 1 |  1.0
Translocations | 1 |  1.0
Transmutations | 1 |  1.0
Fire Magic     | 1 |  1.0
Ice Magic      | 1 |  1.0
Air Magic      | 1 |  1.0
Earth Magic    | 1 |  1.0
Poison Magic   | 1 |  1.0
Unarmed Combat | |  2.2

Action                     |  1- 3 |  4- 6 || total
---------------------------+-------+-------++-------
  Melee: Unarmed           |    53 |       ||    53
         Punch             |     2 |       ||     2
         Quarterstaff      |    35 |   132 ||   167
   Cast: Summon Small Mamm |       |     1 ||     1
Ability: Begin Untransform |     1 |       ||     1
  Evoke: Wand              |       |     1 ||     1
    Use: Scroll            |     1 |     4 ||     5
         Potion            |       |     1 ||     1
   Stab: Sleeping          |     3 |     2 ||     5
 Armour: Animal skin       |    16 |    32 ||    48
         Skin              |       |     1 ||     1
  Dodge: Dodged            |    46 |   129 ||   175
         Form:             |     1 |       ||     1
         Beast             |     1 |       ||     1

Table legend: (Time is in decaauts)
 A = Elapsed time spent in this place.
 B = Non-inter-level travel time spent in this place.
 C = Inter-level travel time spent in this place.
 D = Time resting spent in this place.
 E = Time spent auto-exploring this place.
 F = Levels seen in this place.
 G = Mean time per level.
                   A        B        C        D        E       F      G
               +--------+--------+--------+--------+--------+-----+--------+
         Total |   2836 |   2766 |     70 |    232 |   1311 |   4 |  709.0 |
       Dungeon |   2836 |   2766 |     70 |    232 |   1311 |   4 |  709.0 |
               +--------+--------+--------+--------+--------+-----+--------+

Top non-repeatable levels by time:
     D:2: 931 daAuts
     D:3: 825 daAuts
     D:1: 750 daAuts
     D:4: 329 daAuts
